 Dungeon Crawl Stone Soup version 0.19.1 (webtiles) character file.

61 Banto the Gusty (level 3, -1/14 HPs)
             Began as a Felid Air Elementalist on Dec 13, 2016.
             Slain by an orc
             ... wielding a +0 mace
              (6 damage)
             ... on level 4 of the Dungeon.
             The game lasted 00:04:59 (2956 turns).

Banto the Gusty (Felid Air Elementalist)            Turns: 2956, Time: 00:04:59

Health: -1/14      AC:  1    Str:  4    XL:     3   Next: 83%
Magic:  7/7        EV: 18    Int: 17    God:
Gold:   166        SH:  0    Dex: 16    Spells: 1 memorised, 5 levels left
                                        Lives:  0   Deaths: 1

rFire  . . .     SeeInvis +     (weapon unavailable)
rCold  + . .     Gourm    .     (armour unavailable)
rNeg   . . .     Faith    .     (shield unavailable)
rPois  +         Spirit   .     (helmet unavailable)
rElec  .         Reflect  .     (cloak unavailable)
rCorr  .         Harm     .     (gloves unavailable)
MR     .....                    (boots unavailable)
Stlth  +++.......               (no amulet)
                                n - ring of protection from cold
                                i - ring of poison resistance

@: quick
A: no armour, no weapons or thrown items, stealth, claws 1, fangs 3, see
invisible, carnivore 3, speed 1, shaggy fur 1, slow metabolism 1, sharp paws
a: no special abilities


You were on level 4 of the Dungeon.
You were full.

You visited 1 branch of the dungeon, and saw 4 of its levels.

You collected 166 gold pieces.

Inventory:

Missiles
 k - 2 throwing nets
Jewellery
 i - a ring of poison resistance (left paw)
 n - a ring of protection from cold (right paw)
Scrolls
 e - 2 scrolls of remove curse
 g - a scroll of amnesia
 h - a scroll of identify
Potions
 c - 3 potions of curing
 d - a potion of magic {unknown}
 f - a potion of heal wounds {unknown}
 j - a potion of might {unknown}
 m - a potion of resistance {unknown}
Books
 a - a book of Air

   Spells                             Type                      Level
   a - Shock                          Conjuration/Air              1
   b - Swiftness                      Charms/Air                   2
   c - Repel Missiles                 Charms/Air                   2
   d - Static Discharge               Conjuration/Air              3
   e - Lightning Bolt                 Conjuration/Air              5
Comestibles
 b - 5 meat rations


   Skills:
 - Level 2.6 Dodging
 - Level 2.6 Stealth
 - Level 2.0 Spellcasting
 + Level 3.1 Conjurations
 + Level 3.9 Air Magic


You had 5 spell levels left.
You knew the following spells:

 Your Spells              Type           Power        Failure   Level  Hunger
a - Shock                 Conj/Air       ##..         4%          1    #......


Dungeon Overview and Level Annotations

Branches:
Dungeon (4/15)
 Temple: D:4-7

Altars:


Innate Abilities, Weirdness & Mutations

You cannot wear armour.
You are incapable of wielding weapons or throwing items.
Your paws allow you to move quietly. (Stealth)
You have sharp claws.
You have razor-sharp teeth.
You have supernaturally acute eyesight. (SInv)
You are carnivorous and can eat meat at any time.
You cover ground quickly.
You are covered in fur. (AC +1)
You have a slow metabolism.
Your sharp claws are effective at attacking unaware monsters.


Message History

There is a stone staircase leading up here.
You pounce on the unaware helpless orc!
You scratch the orc.
The orc is heavily wounded.
The orc priest shouts!
The orc shouts! x2; You hear a shout!
The orc barely misses you. The orc closely misses you.
The orc shouts!
You scratch the orc but do no damage. You bite the orc, but do no damage.
The orc is heavily wounded.
You scratch the orc.
You kill the orc!
The orc completely misses you. The orc closely misses you.
The orc priest closely misses you.
You scratch the orc priest but do no damage.
Your bite misses the orc priest. The orc misses you.
The orc closely misses you. The orc completely misses you.
The orc priest invokes the aid of Beogh against you.
Pain shoots through your body!
You barely miss the orc priest. The orc barely misses you.
The orc hits you with a mace.
You die...

#.#.#.#.#..
#....... .#
......... ##
. ..#.. . ..
.. #.....#.#
###.#...#...#
......ro..#
#o@#
......oo....#
.#####.######
#. .. ##. ##


You could see an orc priest, 3 orcs and a quokka.

Vanquished Creatures
  Robin (D:3)
  2 adders (D:2)
  2 worms (D:2)
  2 dart slugs
  5 leopard geckos
  An orc (D:4)
  6 bats
  4 giant cockroaches
  19 goblins
  7 hobgoblins
  4 jackals (D:1)
  2 quokkas
  3 ball pythons
  3 frilled lizards
  5 kobolds
  6 rats
72 creatures vanquished.

Notes
Turn   | Place    | Note
-------+----------+-------------------------------------------
     0 | D:1      | Banto the Felid Air Elementalist began the quest for the Orb.
     0 | D:1      | Reached XP level 1. HP: 7/7 MP: 4/4
    11 | D:1      | Reached skill level 1 in Conjurations
   535 | D:1      | Reached XP level 2. HP: 11/11 MP: 4/6
  1075 | D:2      | Reached XP level 3. HP: 14/14 MP: 3/7
  1730 | D:2      | Reached XP level 4. HP: 13/18 MP: 0/8
  2429 | D:3      | Noticed Robin
  2511 | D:3      | Killed Robin
  2762 | D:3      | Noticed a centaur
  2767 | D:3      | Slain by a centaur
  2768 | D:3      | Reached XP level 3. HP: -2/14 MP: 5/7
  2956 | D:4      | Slain by an orc

Skill      XL: |  1  2  3  4 |
---------------+-------------+-----
Conjurations   | 1 2 3 |  3.1
Air Magic      | 3 |  3.9
Dodging        | |  2.6
Stealth        | |  2.6
Spellcasting   | |  2.0

Action                   |  1- 3 |  4- 6 || total
-------------------------+-------+-------++-------
Melee: Unarmed           |    52 |     9 ||    61
       Bite              |     4 |       ||     4
 Cast: Shock             |    92 |    44 ||   136
  Use: Scroll            |       |     5 ||     5
 Stab: Sleeping          |     2 |       ||     2
  Eat: Chunk             |    12 |     3 ||    15
Armor: Skin              |     4 |       ||     4
Dodge: Dodged            |    73 |    23 ||    96

Table legend:
 A = Turns spent in this place as a percentage of turns spent in the entire game.
 B = Non-inter-level travel turns spent in this place as a percentage of non-inter-level travel turns spent in the entire game.
 C = Inter-level travel turns spent in this place as a percentage of turns spent in this place.
 D = Turns resting spent in this place as a percentage of non-inter-level travel turns spent in this place.
 E = Turns spent auto-exploring this place as a percentage of non-inter-level travel turns spent in this place.
 F = Non-inter-level travel turns spent in this place divided by the number of levels of this place that you've seen.
                   A       B       C       D       E      F
               +-------+-------+-------+-------+-------+----------------------
         Total | 100.0 | 100.0 |   0.5 |   8.1 |  10.8 | 242.5
       Dungeon | 100.0 | 100.0 |   0.5 |   8.1 |  10.8 | 242.5
               +-------+-------+-------+-------+-------+----------------------

Table legend:
 A = Kills in this place as a percentage of kills in entire the game.
 B = Kills by you in this place as a percentage of kills by you in the entire game.
 C = Kills by friends in this place as a percentage of kills by friends in the entire game.
 D = Other kills in this place as a percentage of other kills in the entire game.
 E = Experience gained in this place as a percentage of experience gained in the entire game.
 F = Experience gained in this place divided by the number of levels of this place that you have seen.
                   A       B       C       D       E      F
               +-------+-------+-------+-------+-------+----------------------
         Total | 100.0 | 100.0 |  -nan |  -nan | 100.0 |  43.2
       Dungeon | 100.0 | 100.0 |  -nan |  -nan | 100.0 |  43.2
               +-------+-------+-------+-------+-------+----------------------
